| TOP OF THE 1ST |
|
Spokane Indians batting - Pitching for Minnesota (NYP) Twins : LHP Ricky Lopez
|
|
Pitching: LHP Ricky Lopez
|
|
|
Batting: SHB David Simpson
|
0-0: Ball 1-0: Ball 2-0: Ball 3-0: Called Strike 3-1: Base on Balls
|
|
Batting: LHB Brian Gray
|
0-0: SINGLE (Groundball, 34S, EV 61.2 MPH) (infield hit) David Simpson to second
|
|
Batting: RHB Dale Aubrey
|
0-0: Swinging Strike 0-1: Ball 1-1: Swinging Strike 1-2: Ball Wild Pitch! David Simpson to third Brian Gray to second 2-2: Strikes out swinging
|
|
Batting: RHB Salvador Caldera
|
0-0: Ball Wild Pitch! David Simpson scores Brian Gray to third 1-0: Foul Ball, location: 2F 1-1: Foul Ball, location: 2F 1-2: Foul Ball, location: 2F 1-2: Fly out, F8 (Flyball, 8RXD, EV 90.6 MPH) Runner from 3rd tags up, SCORES, no throw by CF
|
|
Batting: RHB Jerry Castillo
|
0-0: Ball 1-0: Ball 2-0: Swinging Strike 2-1: Foul Ball, location: 2F 2-2: Ball 3-2: Base on Balls
|
|
Batting: LHB Lee Gerken
|
0-0: Swinging Strike 0-1: Ball 1-1: Ball 2-1: Fielders Choice at 2nd, 5-4 (Groundball, 56, EV 106.9 MPH)
|
| Top of the 1st over - 2 runs, 1 hit, 0 errors, 1 left on base; Spokane 2 - Minnesota (NYP) 0 |
| BOTTOM OF THE 1ST |
|
Minnesota (NYP) Twins batting - Pitching for Spokane Indians : RHP Mario Vizcaya
|
|
Pitching: RHP Mario Vizcaya
|
|
|
Batting: RHB Caleb Bockmann
|
0-0: Ball 1-0: Foul Ball, location: 2F 1-1: Foul Ball, location: 2F 1-2: Ball 2-2: Strikes out swinging
|
|
Batting: RHB Fhil Mikrakin
|
0-0: Ball 1-0: Called Strike 1-1: Fly out, F8 (Flyball, 8RS, EV 83.1 MPH)
|
|
Batting: LHB Hector Olvera
|
0-0: Foul Ball, location: 2F 0-1: DOUBLE (Groundball, 5L, EV 106.2 MPH)
|
|
Batting: RHB Nate Matson
|
0-0: Ball 1-0: Ball 2-0: Called Strike 2-1: Fly out, F7 (Flyball, 78XD, EV 90.6 MPH)
|
| Bottom of the 1st over - 0 runs, 1 hit, 0 errors, 1 left on base; Spokane 2 - Minnesota (NYP) 0 |
| TOP OF THE 2ND |
|
Spokane Indians batting - Pitching for Minnesota (NYP) Twins : LHP Ricky Lopez
|
|
Batting: RHB Tony Rivera
|
0-0: Called Strike 0-1: Ball 1-1: SOLO HOME RUN (Flyball, 7D, EV 108.1 MPH), Distance : 399 ft
|
|
Batting: RHB Zach Koblinski
|
0-0: Called Strike 0-1: Called Strike 0-2: Ball 1-2: Strikes out swinging
|
|
Batting: RHB Rick Concha
|
0-0: Foul Ball, location: 2F 0-1: Ground out U3 (Groundball, 3, EV 105.0 MPH)
|
|
Batting: SHB David Simpson
|
0-0: Swinging Strike 0-1: Ball 1-1: Called Strike 1-2: Ground out 4-3 (Groundball, 34, EV 108.8 MPH)
|
| Top of the 2nd over - 1 run, 1 hit, 0 errors, 0 left on base; Spokane 3 - Minnesota (NYP) 0 |
| BOTTOM OF THE 2ND |
|
Minnesota (NYP) Twins batting - Pitching for Spokane Indians : RHP Mario Vizcaya
|
|
Batting: RHB Steve Raine
|
0-0: Ball 1-0: Ball 2-0: SINGLE (Line Drive, 8RS, EV 102.5 MPH)
|
|
Batting: LHB Ben Roth
|
0-0: Called Strike Steve Raine steals 2nd base 0-1: Foul Ball, location: 2F 0-2: Ball 1-2: Ball 2-2: Ball 3-2: Base on Balls
|
|
Batting: RHB Alexandre Garcia
|
0-0: Ball 1-0: Called Strike 1-1: Ball 2-1: Fielders Choice at 2nd, 3-6 (Groundball, 34, EV 83.8 MPH) Steve Raine to third
|
|
Batting: RHB Fernando Bravo
|
0-0: Foul Ball, location: 2F 0-1: Grounds into double play, 5-4-3 (Groundball, 5S, EV 80.0 MPH)
|
| Bottom of the 2nd over - 0 runs, 1 hit, 0 errors, 1 left on base; Spokane 3 - Minnesota (NYP) 0 |
| TOP OF THE 3RD |
|
Spokane Indians batting - Pitching for Minnesota (NYP) Twins : LHP Ricky Lopez
|
|
Batting: LHB Brian Gray
|
0-0: Ball 1-0: Ball 2-0: Foul Ball, location: 2F 2-1: Foul Ball, location: 2F 2-2: Foul Ball, location: 2F 2-2: Foul Ball, location: 2F 2-2: Hit by Pitch
|
|
Batting: RHB Dale Aubrey
|
0-0: Ball 1-0: Ball 2-0: Called Strike Brian Gray is caught stealing 2nd base 2-4 2-1: Ball 3-1: Base on Balls
|
|
Batting: RHB Salvador Caldera
|
0-0: Ball Dale Aubrey is caught stealing 2nd base 2-4 1-0: Swinging Strike 1-1: Foul Ball, location: 2F 1-2: Foul Ball, location: 2F 1-2: Foul Ball, location: 2F 1-2: Strikes out swinging
|
| Top of the 3rd over - 0 runs, 0 hits, 0 errors, 0 left on base; Spokane 3 - Minnesota (NYP) 0 |
| BOTTOM OF THE 3RD |
|
Minnesota (NYP) Twins batting - Pitching for Spokane Indians : RHP Mario Vizcaya
|
|
Batting: LHB Jose Hilario
|
0-0: Ground out 2-3 (Groundball, 13S, EV 75.6 MPH)
|
|
Batting: RHB Caleb Bockmann
|
0-0: Ball 1-0: Ball 2-0: Swinging Strike 2-1: Foul Ball, location: 2F 2-2: Strikes out swinging
|
|
Batting: RHB Fhil Mikrakin
|
0-0: Called Strike 0-1: Ball 1-1: Called Strike 1-2: Strikes out swinging
|
| Bottom of the 3rd over - 0 runs, 0 hits, 0 errors, 0 left on base; Spokane 3 - Minnesota (NYP) 0 |
| TOP OF THE 4TH |
|
Spokane Indians batting - Pitching for Minnesota (NYP) Twins : LHP Ricky Lopez
|
|
Batting: RHB Jerry Castillo
|
0-0: Ball 1-0: Called Strike 1-1: Swinging Strike 1-2: Ball 2-2: Foul Ball, location: 2F 2-2: Ball 3-2: Base on Balls
|
|
Batting: LHB Lee Gerken
|
0-0: Ball 1-0: Ball 2-0: Called Strike 2-1: Foul Ball, location: 2F 2-2: Strikes out swinging
|
|
Batting: RHB Tony Rivera
|
Pickoff Throw to First - Out! 1-3 CS 0-0: Ball 1-0: Ball 2-0: Ball 3-0: Base on Balls
|
|
Batting: RHB Zach Koblinski
|
0-0: Ball Tony Rivera steals 2nd base 1-0: Foul Ball, location: 2F 1-1: 2-RUN HOME RUN (Line Drive, 78XD, EV 111.9 MPH), Distance : 444 ft
|
|
Pitching: RHP Karel Braaksma
|
|
|
Batting: RHB Rick Concha
|
0-0: Called Strike 0-1: Foul Ball, location: 2F 0-2: Ball 1-2: Ball 2-2: Foul Ball, location: 2F 2-2: Foul Ball, location: 2F 2-2: Foul Ball, location: 2F 2-2: Foul Ball, location: 2F 2-2: SINGLE (Groundball, 6MD, EV 105.6 MPH)
|
|
Batting: SHB David Simpson
|
0-0: Called Strike Pickoff Throw to First - Out! 1-3 CS
|
| Top of the 4th over - 2 runs, 2 hits, 0 errors, 0 left on base; Spokane 5 - Minnesota (NYP) 0 |
| BOTTOM OF THE 4TH |
|
Minnesota (NYP) Twins batting - Pitching for Spokane Indians : RHP Mario Vizcaya
|
|
Batting: LHB Hector Olvera
|
0-0: Called Strike 0-1: Fly out, F9 (Flyball, 9LM, EV 75.0 MPH)
|
|
Batting: RHB Nate Matson
|
0-0: Called Strike 0-1: Ball 1-1: Fly out, F2 (Popup, 2RF, EV 91.9 MPH)
|
|
Batting: RHB Steve Raine
|
0-0: Ball 1-0: Called Strike 1-1: SOLO HOME RUN (Flyball, 78XD, EV 110.0 MPH), Distance : 424 ft
|
|
Batting: LHB Ben Roth
|
0-0: Called Strike 0-1: Foul Ball, location: 2F 0-2: Ball 1-2: Strikes out looking
|
| Bottom of the 4th over - 1 run, 1 hit, 0 errors, 0 left on base; Spokane 5 - Minnesota (NYP) 1 |
| TOP OF THE 5TH |
|
Spokane Indians batting - Pitching for Minnesota (NYP) Twins : RHP Karel Braaksma
|
|
Batting: SHB David Simpson
|
0-0: Foul Ball, location: 2F 0-1: Ball 1-1: Swinging Strike 1-2: Ground out U3 (Groundball, 34, EV 92.5 MPH)
|
|
Batting: LHB Brian Gray
|
0-0: Ball 1-0: Called Strike 1-1: DOUBLE (Flyball, 8LXD, EV 95.0 MPH)
|
|
Batting: RHB Dale Aubrey
|
0-0: Ball 1-0: Called Strike 1-1: Swinging Strike 1-2: Ball 2-2: SINGLE (Line Drive, 8RS, EV 98.8 MPH) Brian Gray to third Runner from 3rd tries for Home, SAFE, throw by CF to home
|
|
Batting: RHB Salvador Caldera
|
0-0: Ball Dale Aubrey is caught stealing 2nd base 2-4 1-0: Foul Ball, location: 2F 1-1: Called Strike 1-2: Foul Ball, location: 2F 1-2: Hit by Pitch
|
|
Batting: RHB Jerry Castillo
|
0-0: Ball Salvador Caldera steals 2nd base (no throw) 1-0: Swinging Strike 1-1: SINGLE (Line Drive, 9S, EV 98.8 MPH) Salvador Caldera to third Runner from 3rd tries for Home, SAFE, throw by RF to home
|
|
Batting: LHB Lee Gerken
|
0-0: Ball 1-0: Ball 2-0: Called Strike 2-1: Ball 3-1: Foul Ball, location: 2F 3-2: Foul Ball, location: 2F 3-2: Base on Balls Jerry Castillo to second
|
|
Batting: RHB Tony Rivera
|
0-0: Ball 1-0: Ground out 6-3 (Groundball, 6MS, EV 67.5 MPH)
|
| Top of the 5th over - 2 runs, 3 hits, 0 errors, 2 left on base; Spokane 7 - Minnesota (NYP) 1 |
| BOTTOM OF THE 5TH |
|
Minnesota (NYP) Twins batting - Pitching for Spokane Indians : RHP Mario Vizcaya
|
|
Batting: RHB Alexandre Garcia
|
0-0: Ball 1-0: Foul Ball, location: 2F 1-1: Called Strike 1-2: Strikes out looking
|
|
Batting: RHB Fernando Bravo
|
0-0: Ball 1-0: Ball 2-0: Foul Ball, location: 2F 2-1: Foul Ball, location: 2F 2-2: Strikes out looking
|
|
Batting: LHB Jose Hilario
|
0-0: Called Strike 0-1: SINGLE (Groundball, 4D, EV 98.1 MPH)
|
|
Batting: RHB Caleb Bockmann
|
Pickoff Play to 1st, Runner tries for 2nd, OUT after rundown.
|
| Bottom of the 5th over - 0 runs, 1 hit, 0 errors, 0 left on base; Spokane 7 - Minnesota (NYP) 1 |
| TOP OF THE 6TH |
|
Spokane Indians batting - Pitching for Minnesota (NYP) Twins : RHP Karel Braaksma
|
|
Batting: RHB Zach Koblinski
|
0-0: Ball 1-0: Swinging Strike 1-1: Swinging Strike 1-2: Ball 2-2: Ball 3-2: Foul Ball, location: 2F 3-2: Strikes out swinging
|
|
Batting: RHB Rick Concha
|
0-0: Ball 1-0: Reached via error on a dropped throw from 1B, E1 (Groundball, 34, EV 82.5 MPH)
|
|
Pitching: LHP Bryan Rouse
|
|
|
Batting: SHB David Simpson
|
0-0: Ball 1-0: Called Strike 1-1: Ball Rick Concha steals 2nd, throwing error, E2 Rick Concha to third 2-1: Foul Ball, location: 2F 2-2: Ball Wild Pitch! Rick Concha scores 3-2: Foul Ball, location: 2F 3-2: Foul Ball, location: 2F 3-2: Foul Ball, location: 2F 3-2: Foul Ball, location: 2F 3-2: Foul Ball, location: 2F 3-2: Ground out 4-3 (Groundball, 4, EV 93.8 MPH)
|
|
Batting: LHB Brian Gray
|
0-0: Called Strike 0-1: Ground out 6-3 (Groundball, 4MS, EV 87.5 MPH)
|
| Top of the 6th over - 1 run, 0 hits, 2 errors, 0 left on base; Spokane 8 - Minnesota (NYP) 1 |
| BOTTOM OF THE 6TH |
|
Minnesota (NYP) Twins batting - Pitching for Spokane Indians : RHP Mario Vizcaya
|
|
Batting: RHB Caleb Bockmann
|
0-0: Foul Ball, location: 2F 0-1: SINGLE (Line Drive, 8RS, EV 107.5 MPH)
|
|
Batting: RHB Fhil Mikrakin
|
0-0: Called Strike Caleb Bockmann steals 2nd base 0-1: Called Strike 0-2: Foul Ball, location: 2F 0-2: Strikes out swinging
|
|
Batting: LHB Hector Olvera
|
0-0: Swinging Strike 0-1: Called Strike 0-2: Strikes out swinging
|
|
Batting: RHB Nate Matson
|
0-0: Ball 1-0: Called Strike 1-1: Ball 2-1: Swinging Strike 2-2: Foul Ball, location: 2F 2-2: Strikes out swinging
|
| Bottom of the 6th over - 0 runs, 1 hit, 0 errors, 1 left on base; Spokane 8 - Minnesota (NYP) 1 |
| TOP OF THE 7TH |
|
Spokane Indians batting - Pitching for Minnesota (NYP) Twins : LHP Bryan Rouse
|
|
Batting: RHB Dale Aubrey
|
0-0: Called Strike 0-1: Ground out 4-3 (Groundball, 4MD, EV 82.5 MPH)
|
|
Batting: RHB Salvador Caldera
|
0-0: Ball 1-0: Called Strike 1-1: Ball 2-1: Ground out 6-3 (Groundball, 6, EV 83.8 MPH)
|
|
Pinch Hitting: RHB Steve Haskins
|
0-0: Called Strike 0-1: Called Strike 0-2: Ball 1-2: Foul Ball, location: 2F 1-2: SINGLE (Groundball, 5S, EV 70.0 MPH) (infield hit)
|
|
Batting: LHB Lee Gerken
|
0-0: Called Strike 0-1: Foul Ball, location: 2F 0-2: SINGLE (Groundball, 56D, EV 95.0 MPH) Steve Haskins to second Steve Haskins to third
|
|
Pitching: RHP Chad Brock
|
|
|
Pinch Hitting: RHB Jorge Bernal
|
0-0: Called Strike 0-1: Fly out, F6 (Line Drive, 6, EV 70.0 MPH)
|
| Top of the 7th over - 0 runs, 2 hits, 0 errors, 2 left on base; Spokane 8 - Minnesota (NYP) 1 |
| BOTTOM OF THE 7TH |
|
Minnesota (NYP) Twins batting - Pitching for Spokane Indians : RHP Mario Vizcaya
|
|
Now at 2B: Jorge Bernal
|
|
|
Now at SS: Steve Haskins
|
|
|
Pinch Hitting: RHB Dave Berry
|
0-0: Swinging Strike 0-1: Ball 1-1: Ball 2-1: Swinging Strike 2-2: Foul Ball, location: 2F 2-2: Strikes out swinging
|
|
Batting: LHB Ben Roth
|
0-0: Ground out 4-3 (Groundball, 4, EV 108.1 MPH)
|
|
Batting: RHB Alexandre Garcia
|
0-0: Called Strike 0-1: Swinging Strike 0-2: Strikes out swinging
|
| Bottom of the 7th over - 0 runs, 0 hits, 0 errors, 0 left on base; Spokane 8 - Minnesota (NYP) 1 |
| TOP OF THE 8TH |
|
Spokane Indians batting - Pitching for Minnesota (NYP) Twins : RHP Chad Brock
|
|
Now in LF: Dave Berry
|
|
|
Now in RF: Ben Roth
|
|
|
Batting: RHB Zach Koblinski
|
0-0: Ball 1-0: Foul Ball, location: 2F 1-1: Ground out 3-1 (Groundball, 34, EV 109.4 MPH)
|
|
Batting: RHB Rick Concha
|
0-0: SINGLE (Line Drive, 9S, EV 105.0 MPH)
|
|
Batting: SHB David Simpson
|
0-0: Foul Ball, location: 2F 0-1: Foul Ball, location: 2F 0-2: Ball 1-2: Ball 2-2: Foul Ball, location: 2F 2-2: DOUBLE (Line Drive, 89XD, EV 111.9 MPH) Rick Concha to third
|
|
Batting: LHB Brian Gray
|
0-0: Ball Passed Ball! Rick Concha scores David Simpson to third 1-0: Ball 2-0: DOUBLE (Line Drive, 78D, EV 106.2 MPH) David Simpson scores
|
|
Batting: RHB Dale Aubrey
|
0-0: Swinging Strike 0-1: Ball 1-1: Swinging Strike 1-2: Ball 2-2: Strikes out looking
|
|
Batting: RHB Salvador Caldera
|
0-0: Ball 1-0: SINGLE (Groundball, 56D, EV 109.4 MPH) Brian Gray to third
|
|
Pinch Hitting: RHB David Barnard
|
0-0: Ball 1-0: Ball 2-0: Called Strike 2-1: Fly out, F6 (Popup, 6M, EV 60.6 MPH)
|
| Top of the 8th over - 2 runs, 4 hits, 0 errors, 2 left on base; Spokane 10 - Minnesota (NYP) 1 |
| BOTTOM OF THE 8TH |
|
Minnesota (NYP) Twins batting - Pitching for Spokane Indians : RHP Mario Vizcaya
|
|
Now at SS: David Barnard
|
|
|
Now in LF: Nick Solberg
|
|
|
Batting: RHB Fernando Bravo
|
0-0: Ball 1-0: Swinging Strike 1-1: Ball 2-1: Foul Ball, location: 2F 2-2: Foul Ball, location: 2F 2-2: Ball 3-2: Ground out 4-3 (Groundball, 4M, EV 91.9 MPH)
|
|
Batting: LHB Jose Hilario
|
0-0: Foul Ball, location: 2F 0-1: Ball 1-1: Swinging Strike 1-2: Ball 2-2: Strikes out swinging
|
|
Batting: RHB Chris Bejarano
|
0-0: Foul Ball, location: 2F 0-1: Foul Ball, location: 2F 0-2: Ball 1-2: Ground out 5-3 (Groundball, 56, EV 106.2 MPH)
|
| Bottom of the 8th over - 0 runs, 0 hits, 0 errors, 0 left on base; Spokane 10 - Minnesota (NYP) 1 |
| TOP OF THE 9TH |
|
Spokane Indians batting - Pitching for Minnesota (NYP) Twins : RHP Chad Brock
|
|
Pitching: LHP Travis Joyal
|
|
|
Pinch Hitting: RHB Matthew Starr
|
0-0: Called Strike 0-1: Swinging Strike 0-2: Foul Ball, location: 2F 0-2: Ball 1-2: Ball 2-2: Ball 3-2: Base on Balls
|
|
Batting: RHB Jorge Bernal
|
0-0: Ball 1-0: Ball 2-0: Ball 3-0: Called Strike 3-1: Foul Ball, location: 2F 3-2: Fielders Choice at 2nd, 1-6 (Groundball, 13S, EV 61.9 MPH)
|
|
Batting: RHB Zach Koblinski
|
0-0: Ball 1-0: Ball 2-0: Ball 3-0: Base on Balls Jorge Bernal to second
|
|
Batting: RHB Rick Concha
|
0-0: Ball 1-0: Ball 2-0: Swinging Strike 2-1: Ball 3-1: Foul Ball, location: 2F 3-2: Foul Ball, location: 2F 3-2: Base on Balls Jorge Bernal to third Zach Koblinski to second
|
|
Batting: SHB David Simpson
|
0-0: Called Strike 0-1: Grounds into double play, 4-6-3 (Groundball, 4, EV 78.8 MPH)
|
| Top of the 9th over - 0 runs, 0 hits, 0 errors, 2 left on base; Spokane 10 - Minnesota (NYP) 1 |
| BOTTOM OF THE 9TH |
|
Minnesota (NYP) Twins batting - Pitching for Spokane Indians : RHP Mario Vizcaya
|
|
Pitching: RHP Arturo Vargas
|
|
|
Now at 1B: Kevin Whitenack
|
|
|
Batting: RHB Fhil Mikrakin
|
0-0: Swinging Strike 0-1: Ball 1-1: Swinging Strike 1-2: Ball 2-2: Ball 3-2: Fly out, F9 (Flyball, 9S, EV 90.6 MPH)
|
|
Batting: LHB Hector Olvera
|
0-0: Ball 1-0: Called Strike 1-1: Ground out 6-3 (Groundball, 6, EV 79.4 MPH)
|
|
Batting: RHB Nate Matson
|
0-0: Called Strike 0-1: Swinging Strike 0-2: Foul Ball, location: 2F 0-2: Strikes out swinging
|
| Bottom of the 9th over - 0 runs, 0 hits, 0 errors, 0 left on base; Spokane 10 - Minnesota (NYP) 1 |
|